Senators vs Americans

Created - Thursday, March 24, 2016 at 01:27

Goals
1 2 3 OT1 T
Senators 1 0 0 1 2
Americans 0 1 0 0 1
Shots
1 2 3 OT1 T
Senators 10 4 2 3 19
Americans 8 7 7 0 22

1st period

1. Senators , Jesse Blacker 1 (Ryan Craig, Mike Brown) at 18:07 (PP)

Penalties :
Patrick Bordeleau (RCH) for Fighting (Major) at 0:38, Joe Finley (BIN) for Fighting (Major) at 0:38, Garrett Noonan (RCH) for Fighting (Major) at 2:38, Greg Nemisz (BIN) for Fighting (Major) at 2:38, Greg Nemisz (BIN) for instigated a fight (Minor) at 2:38, Greg Nemisz (BIN) for instigated a fight (10 Minutes Misconduct) at 2:38, Daniel Maggio (RCH) for Tripping (Minor) at 5:32, Mike Brown (BIN) for Cross-checking (Minor) at 10:08, Matt Finn (BIN) for Hooking (Minor) at 15:29, Daniel Maggio (RCH) for Hooking (Minor) at 17:46

2nd period

2. Americans , Spencer Abbott 11 (Patrick Bordeleau, Garrett Noonan) at 10:41 (PP)

Penalties :
Mike Brown (BIN) for Hooking (Minor) at 0:50, Jerome Samson (RCH) for Fighting (Major) at 3:21, Kenny Ryan (BIN) for Fighting (Major) at 3:21, Tom Nilsson (BIN) for Holding (Minor) at 4:58, Kenny Ryan (BIN) for Tripping (Minor) at 9:15, Mike Brown (BIN) for Hooking (Minor) at 12:11, Daniel Maggio (RCH) for Holding (Minor) at 14:59

3rd period

No Goal

Penalties :
Tim Jackman (RCH) for Hooking (Minor) at 2:44, Mike Brown (BIN) for Hooking (Minor) at 10:37, Joe Finley (BIN) for Charging (Minor) at 17:45

Overtime #1

3. Senators , Emerson Etem 15 (Cody Hodgson, Eric Knodel) at 0:24

Penalties :
No Penalty

Goalie Stats

Jean-Francois Berube (BIN), 21 saves from 22 shots - (0.955), W, 28-19-21, 60:24 minutes
Petr Mrazek (RCH), 17 saves from 19 shots - (0.895), OTL, 20-6-6, 60:24 minutes

Players Stats for Senators

Player Name              G  A  P  +/- PIM S  H  SB GA TA FO     MP     PP MP  PK MP  
------------------------------------------------------------------------------------
Cody Hodgson             0  1  1   1  0   2  0  1  0  1  4/8    20:05   2:33  10:49 
Colin Greening           0  0  0   0  0   4  3  0  0  1  0/1    15:03   2:33   5:48 
Colton Orr               0  0  0   0  0   0  0  1  0  0  0/2     6:26   1:15   0:00 
Connor Brown             0  0  0   0  0   0  0  0  0  0  0/0     5:56   0:00   0:00 
Emerson Etem             1  0  1   1  0   4  1  0  5  1  1/11   21:26   2:33   9:18 
Eric Knodel              0  1  1   1  0   1  3  1  0  0  0/0    26:04   3:53  10:29 
Greg Nemisz              0  0  0   0  17  1  2  0  3  0  1/1    10:03   2:30   0:00 
Jesse Blacker            1  0  1   1  0   1  0  0  0  6  0/0    26:04   3:53  10:29 
Joe Finley               0  0  0   0  7   0  2  1  0  0  0/0    20:01   2:25   5:39 
Josh Leivo               0  0  0   0  0   1  1  0  2  2  0/1    14:51   0:22   0:23 
Kenny Ryan               0  0  0   0  7   1  1  0  0  1  0/0    15:19   0:00   1:53 
Kyle Brodziak            0  0  0   0  0   2  1  1  1  2  4/8    13:31   0:00   0:00 
Matt Finn                0  0  0   0  2   0  0  1  0  0  0/0    13:21   0:00   0:00 
Mike Brown               0  1  1   0  8   0  4  0  2  0  0/0    13:51   3:45   0:00 
Philip McRae             0  0  0   0  0   0  1  1  0  0  0/1     7:18   0:00   0:37 
Ryan Craig               0  1  1   0  0   1  1  1  1  2  3/7    18:58   3:23   5:48 
Tom Nilsson              0  0  0   0  2   0  0  0  0  1  0/0    14:10   0:00   1:10 
Viktor Loov              0  0  0   0  0   1  2  1  1  2  0/0    21:40   2:25   6:49 

Players Stats for Americans

Player Name              G  A  P  +/- PIM S  H  SB GA TA FO     MP     PP MP  PK MP  
------------------------------------------------------------------------------------
Chris Breen              0  0  0  -1  0   0  1  1  0  0  0/0    24:34  10:49   2:54 
Daniel Maggio            0  0  0   0  6   0  0  0  0  0  0/0    14:35   0:00   0:32 
Dany Heatley             0  0  0   0  0   0  3  0  0  0  0/2    19:30   7:40   0:10 
Dylan DeMelo             0  0  0   0  0   0  3  0  0  2  0/0    22:36   6:13   3:24 
Garrett Noonan           0  1  1   0  5   0  2  0  0  1  0/0    20:25   5:50   2:45 
Grant Clitsome           0  0  0  -1  0   3  3  1  3  2  0/0    25:26  10:49   2:58 
Jake Chelios             0  0  0   0  0   1  1  2  0  0  0/0    14:06   0:55   0:00 
Jerome Samson            0  0  0  -1  5   0  1  0  0  0  1/1    16:05   0:29   2:14 
Joel Vermin              0  0  0   0  0   0  0  0  1  0  1/1     0:40   0:00   0:00 
Justin Hodgman           0  0  0   0  0   4  0  0  5  0  5/7    19:55   3:31   3:19 
Marc-Andre Cliche        0  0  0   0  0   2  1  0  4  0  12/14  18:47   8:03   0:00 
Nick Cousins             0  0  0   0  0   0  0  0  1  1  0/1     5:25   0:00   0:00 
Nick Drazenovic          0  0  0  -1  0   0  0  0  2  1  5/8    20:59   8:31   0:49 
Nick Sorkin              0  0  0   0  0   2  0  1  2  0  0/0    15:08   0:21   0:00 
Patrick Bordeleau        0  1  1   0  5   4  1  0  4  1  0/0    18:33   6:01   1:48 
Peter Andersson          0  0  0   0  0   0  0  0  0  0  0/0     0:35   0:00   0:35 
Spencer Abbott           1  0  1   0  0   2  0  1  0  1  3/6    19:20   8:53   3:50 
Tim Jackman              0  0  0   0  2   4  1  0  4  0  0/0    18:38   8:25   0:00 

3 Stars

1 - Jean-Francois Berube (BIN)
2 - Emerson Etem (BIN)
3 - Jesse Blacker (BIN)

Power Play

Senators - 1 on 4 Attempt(s) - 25.00%
Americans - 1 on 9 Attempt(s) - 11.11%

Penalty Kill

Senators - 8 on 9 Attempt(s) - 88.89% - Score 0 goal in Penalty Kill
Americans - 3 on 4 Attempt(s) - 75.00% - Score 0 goal in Penalty Kill

Team Stat

Senators - Hits : 22 - Faceoff Wins : 13 - Blocked Shots : 9 - Penalty Minutes : 43
Americans - Hits : 17 - Faceoff Wins : 27 - Blocked Shots : 6 - Penalty Minutes : 23

Official

Referees : Unknown
Linesman : Unknown

Game Notes

Patrick Bordeleau beats up Joe Finley at 0:38 of 1st period
Garrett Noonan and Greg Nemisz fight to a draw at 2:38 of 1st period
Jerome Samson beats up Kenny Ryan at 3:21 of 2nd period
0:24 of 1st overtime period - Senators goal is going for a video replay. After video review, Goal.

Finance

Level 1 -- Attendance: 1394 (69.70%) -- Ticket Income $27,880
Level 2 -- Attendance: 805 (80.50%) -- Ticket Income $6,440
Total Attendance: 2199 (73.30%)
Total Ticket Income: $34,320
Other Income: $16,817
Total Income: $51,137

Senators

5 vs 5 Forward 
   Center                   Left Wing                Right Wing               Time % Phy DF OF 
 1 Cody Hodgson             Emerson Etem             Colin Greening           35     1   2  2  
 2 Ryan Craig               Mike Brown               Greg Nemisz              30     1   2  2  
 3 Kyle Brodziak            Josh Leivo               Kenny Ryan               22     1   2  2  
 4 Philip McRae             Emerson Etem             Connor Brown             13     1   2  2  

5 vs 5 Defense 
   Defense                  Defense                                           Time % Phy DF OF 
 1 Jesse Blacker            Eric Knodel                                       35     1   2  2  
 2 Joe Finley               Viktor Loov                                       30     1   2  2  
 3 Matt Finn                Tom Nilsson                                       22     1   2  2  
 4 Jesse Blacker            Eric Knodel                                       13     1   2  2  

PowerPlay Forward 
   Center                   Left Wing                Right Wing               Time % Phy DF OF 
 1 Cody Hodgson             Emerson Etem             Colin Greening           60     1   2  2  
 2 Ryan Craig               Mike Brown               Greg Nemisz              40     1   2  2  

PowerPlay Defense
   Defense                  Defense                                           Time % Phy DF OF 
 1 Jesse Blacker            Eric Knodel                                       60     1   2  2  
 2 Joe Finley               Viktor Loov                                       40     1   2  2  

Penalty Kill 4 Players Forward 
   Center                   Wing                     Time % Phy DF OF 
 1 Emerson Etem             Cody Hodgson             60     1   2  2  
 2 Colin Greening           Ryan Craig               40     1   2  2  

Penalty Kill 4 Players Defense
   Defense                  Defense                  Time % Phy DF OF 
 1 Jesse Blacker            Eric Knodel              60     1   2  2  
 2 Joe Finley               Viktor Loov              40     1   2  2  

Penalty Kill - 3 Players Forward 
   Forward                                           Time % Phy DF OF 
 1 Emerson Etem                                      60     1   2  2  
 2 Cody Hodgson                                      40     1   2  2  

Penalty Kill - 3 Players Defense
   Defense                  Defense                  Time % Phy DF OF 
 1 Jesse Blacker            Eric Knodel              60     1   2  2  
 2 Joe Finley               Viktor Loov              40     1   2  2  

4 vs 4 Forward 
   Center                   Wing                     Time % Phy DF OF 
 1 Emerson Etem             Cody Hodgson             60     1   2  2  
 2 Colin Greening           Ryan Craig               40     1   2  2  

4 vs 4 Defense
   Defense                  Defense                  Time % Phy DF OF 
 1 Jesse Blacker            Eric Knodel              60     1   2  2  
 2 Joe Finley               Viktor Loov              40     1   2  2  

Last Minutes Offensive
   Center                   Left Wing                Right Wing               Defense                  Defense                  
   Cody Hodgson             Emerson Etem             Colin Greening           Jesse Blacker            Eric Knodel              

Last Minutes Defensive
   Center                   Left Wing                Right Wing               Defense                  Defense                  
   Cody Hodgson             Emerson Etem             Colin Greening           Jesse Blacker            Eric Knodel              

Goaltenders
Starting : Jean-Francois Berube     
Backup : Cedrick Desjardins       

Extra Forwards
Normal : Colton Orr, Josh Leivo, Kenny Ryan - PP : Colton Orr, Josh Leivo - PK : Kenny Ryan
Extra Defensemen
Normal : Matt Finn, Tom Nilsson, Joe Finley - PP : Matt Finn - PK : Tom Nilsson, Joe Finley
Penalty Shots
Emerson Etem, Cody Hodgson, Colin Greening, Ryan Craig, Mike Brown

Americans

5 vs 5 Forward 
   Center                   Left Wing                Right Wing               Time % Phy DF OF 
 1 Marc-Andre Cliche        Dany Heatley             Tim Jackman              35     1   2  2  
 2 Nick Drazenovic          Patrick Bordeleau        Spencer Abbott           30     1   2  2  
 3 Justin Hodgman           Nick Sorkin              Jerome Samson            22     1   2  2  
 4 Nick Cousins             Patrick Bordeleau        Nick Drazenovic          13     1   2  2  

5 vs 5 Defense 
   Defense                  Defense                                           Time % Phy DF OF 
 1 Grant Clitsome           Chris Breen                                       35     1   2  2  
 2 Dylan DeMelo             Garrett Noonan                                    30     1   2  2  
 3 Jake Chelios             Daniel Maggio                                     22     1   2  2  
 4 Grant Clitsome           Chris Breen                                       13     1   2  2  

PowerPlay Forward 
   Center                   Left Wing                Right Wing               Time % Phy DF OF 
 1 Marc-Andre Cliche        Tim Jackman              Dany Heatley             60     1   2  2  
 2 Nick Drazenovic          Patrick Bordeleau        Spencer Abbott           40     1   2  2  

PowerPlay Defense
   Defense                  Defense                                           Time % Phy DF OF 
 1 Grant Clitsome           Chris Breen                                       60     1   2  2  
 2 Dylan DeMelo             Garrett Noonan                                    40     1   2  2  

Penalty Kill 4 Players Forward 
   Center                   Wing                     Time % Phy DF OF 
 1 Spencer Abbott           Justin Hodgman           60     1   2  2  
 2 Daniel Maggio            Patrick Bordeleau        40     1   2  2  

Penalty Kill 4 Players Defense
   Defense                  Defense                  Time % Phy DF OF 
 1 Grant Clitsome           Chris Breen              60     1   2  2  
 2 Dylan DeMelo             Garrett Noonan           40     1   2  2  

Penalty Kill - 3 Players Forward 
   Forward                                           Time % Phy DF OF 
 1 Patrick Bordeleau                                 60     1   2  2  
 2 Dany Heatley                                      40     1   2  2  

Penalty Kill - 3 Players Defense
   Defense                  Defense                  Time % Phy DF OF 
 1 Grant Clitsome           Chris Breen              60     1   2  2  
 2 Dylan DeMelo             Garrett Noonan           40     1   2  2  

4 vs 4 Forward 
   Center                   Wing                     Time % Phy DF OF 
 1 Nick Drazenovic          Jerome Samson            60     1   2  2  
 2 Marc-Andre Cliche        Patrick Bordeleau        40     1   2  2  

4 vs 4 Defense
   Defense                  Defense                  Time % Phy DF OF 
 1 Grant Clitsome           Chris Breen              60     1   2  2  
 2 Dylan DeMelo             Garrett Noonan           40     1   2  2  

Last Minutes Offensive
   Center                   Left Wing                Right Wing               Defense                  Defense                  
   Marc-Andre Cliche        Tim Jackman              Dany Heatley             Grant Clitsome           Chris Breen              

Last Minutes Defensive
   Center                   Left Wing                Right Wing               Defense                  Defense                  
   Marc-Andre Cliche        Tim Jackman              Dany Heatley             Grant Clitsome           Chris Breen              

Goaltenders
Starting : Petr Mrazek              
Backup : Jason LaBarbera          

Extra Forwards
Normal : Patrick Bordeleau, Justin Hodgman, Jerome Samson - PP : Patrick Bordeleau, Justin Hodgman - PK : Jerome Samson
Extra Defensemen
Normal : Jake Chelios, Daniel Maggio, Dylan DeMelo - PP : Jake Chelios - PK : Daniel Maggio, Dylan DeMelo
Penalty Shots
Tim Jackman, Nick Drazenovic, Justin Hodgman, Patrick Bordeleau, Spencer Abbott

% Time on Ice - Senators

Lines # - Real PCT - Wanted PCT - Time Play
Normal Forward
1 - 19% - 35% - 6:52
2 - 28% - 30% - 10:05
3 - 37% - 22% - 13:31
4 - 16% - 13% - 5:56
Normal Defense
1 - 28% - 35% - 10:13
2 - 34% - 30% - 12:26
3 - 35% - 22% - 12:40
4 - 3% - 13% - 1:05
PP Forward
1 - 40% - 60% - 2:33
2 - 60% - 40% - 3:45
PP Defense
1 - 62% - 60% - 3:53
2 - 38% - 40% - 2:25
PK Forward
1 - 66% - 60% - 11:30
2 - 34% - 40% - 5:48
PK Defense
1 - 61% - 60% - 10:29
2 - 39% - 40% - 6:49
PK3 Forward
1 - 0% - 60%
2 - 0% - 40%
PK3 Defense
1 - 0% - 60%
2 - 0% - 40%
44 Forward
1 - 100% - 60% - 0:24
2 - 0% - 40% - 0:00
44 Defense
1 - 100% - 60% - 0:24
2 - 0% - 40% - 0:00
Last Minute Offensive  - 0:00
Last Minute Defensive  - 0:00
Total
Forward - 60:24
Defense - 60:24

% Time on Ice - Americans

Lines # - Real PCT - Wanted PCT - Time Play
Normal Forward
1 - 26% - 35% - 9:18
2 - 21% - 30% - 7:36
3 - 39% - 22% - 14:05
4 - 15% - 13% - 5:25
Normal Defense
1 - 29% - 35% - 10:27
2 - 36% - 30% - 12:59
3 - 36% - 22% - 12:58
4 - 0% - 13% - 0:00
PP Forward
1 - 49% - 60% - 8:25
2 - 51% - 40% - 8:53
PP Defense
1 - 63% - 60% - 10:49
2 - 37% - 40% - 6:29
PK Forward
1 - 73% - 60% - 4:36
2 - 27% - 40% - 1:42
PK Defense
1 - 46% - 60% - 2:54
2 - 54% - 40% - 3:24
PK3 Forward
1 - 0% - 60%
2 - 0% - 40%
PK3 Defense
1 - 0% - 60%
2 - 0% - 40%
44 Forward
1 - 100% - 60% - 0:24
2 - 0% - 40% - 0:00
44 Defense
1 - 100% - 60% - 0:24
2 - 0% - 40% - 0:00
Last Minute Offensive  - 0:00
Last Minute Defensive  - 0:00
Total
Forward - 60:24
Defense - 60:24

Play by Play

1st period


0:01 of 1st period - Cody Hodgson wins face-off versus Dany Heatley in neutral zone.
0:16 of 1st period - Wrist shot by Tim Jackman.
0:16 of 1st period - Stopped by Jean-Francois Berube with a rebound.
0:18 of 1st period - Snap shot by Marc-Andre Cliche.
0:18 of 1st period - Stopped by Jean-Francois Berube with a rebound.
0:20 of 1st period - Snap shot by Grant Clitsome.
0:20 of 1st period - Deflect By Tim Jackman.
0:20 of 1st period - Stopped by Jean-Francois Berube without a rebound.
0:21 of 1st period - Ryan Craig wins face-off versus Nick Drazenovic in Senators zone.
0:21 of 1st period - Ryan Craig is hit by Garrett Noonan.
0:37 of 1st period - Slapshot by Mike Brown.
0:37 of 1st period - Shot Misses the Net.
0:38 of 1st period - Patrick Bordeleau beats up Joe Finley.
0:38 of 1st period - Penalty to Patrick Bordeleau for Fighting.
0:38 of 1st period - Penalty to Joe Finley for Fighting.
0:39 of 1st period - Kyle Brodziak wins face-off versus Justin Hodgman in Americans zone.
1:36 of 1st period - Eric Knodel is hit by Dany Heatley and loses puck.
1:51 of 1st period - Slapshot by Grant Clitsome.
1:51 of 1st period - Shot Blocked by Philip McRae.
1:53 of 1st period - Slapshot by Chris Breen.
1:53 of 1st period - Shot Misses the Net.
2:38 of 1st period - Garrett Noonan and Greg Nemisz fight to a draw.
2:38 of 1st period - Penalty to Garrett Noonan for Fighting.
2:38 of 1st period - Penalty to Greg Nemisz for Fighting.
2:38 of 1st period - Penalty to Greg Nemisz for instigated a fight.
2:38 of 1st period - Penalty to Greg Nemisz for instigated a fight.
2:39 of 1st period - Marc-Andre Cliche wins face-off versus Emerson Etem in neutral zone.
2:42 of 1st period - Snap shot by Grant Clitsome.
2:42 of 1st period - Stopped by Jean-Francois Berube with a rebound.
3:48 of 1st period - Slapshot by Cody Hodgson.
3:48 of 1st period - Stopped by Petr Mrazek with a rebound.
3:54 of 1st period - Eric Knodel is hit by Chris Breen and loses puck.
4:21 of 1st period - Snap shot by Colin Greening.
4:21 of 1st period - Stopped by Petr Mrazek with a rebound.
4:38 of 1st period - Penalty to Greg Nemisz is over, Kenny Ryan is send on ice.
5:32 of 1st period - Minor Penalty to Daniel Maggio for Tripping.
5:33 of 1st period - Spencer Abbott wins face-off versus Ryan Craig in Americans zone.
5:38 of 1st period - Penalty to Patrick Bordeleau is over, Patrick Bordeleau is back on ice.
6:18 of 1st period - Patrick Bordeleau is hit by Viktor Loov and loses puck.
7:03 of 1st period - Nick Drazenovic is hit by Colin Greening and loses puck.
7:32 of 1st period - Penalty to Daniel Maggio is over, Daniel Maggio is back on ice.
7:40 of 1st period - Kyle Brodziak is hit by Grant Clitsome and loses puck.
8:29 of 1st period - Slapshot by Nick Cousins.
8:29 of 1st period - Shot Misses the Net.
9:27 of 1st period - Dany Heatley is hit by Colin Greening and loses puck.
9:48 of 1st period - Dylan DeMelo is hit by Mike Brown and loses puck.
10:08 of 1st period - Minor Penalty to Mike Brown for Cross-checking.
10:09 of 1st period - Emerson Etem wins face-off versus Nick Drazenovic in Senators zone.
11:14 of 1st period - Eric Knodel is hit by Tim Jackman.
12:02 of 1st period - Patrick Bordeleau is hit by Joe Finley and loses puck.
12:08 of 1st period - Penalty to Mike Brown is over, Mike Brown is back on ice.
12:22 of 1st period - Slapshot by Grant Clitsome.
12:22 of 1st period - Stopped by Jean-Francois Berube without a rebound.
12:23 of 1st period - Justin Hodgman wins face-off versus Josh Leivo in Senators zone.
12:38 of 1st period - Snap shot by Kyle Brodziak.
12:38 of 1st period - Stopped by Petr Mrazek with a rebound.
12:40 of 1st period - Snap shot by Kyle Brodziak.
12:40 of 1st period - Deflect By Josh Leivo.
12:40 of 1st period - Shot Blocked by Jake Chelios.
12:40 of 1st period - Puck is out of play.
12:41 of 1st period - Kyle Brodziak wins face-off versus Justin Hodgman in Americans zone.
13:31 of 1st period - Marc-Andre Cliche is hit by Mike Brown and loses puck.
14:06 of 1st period - Eric Knodel is hit by Dylan DeMelo and loses puck.
14:28 of 1st period - Off-side.
14:29 of 1st period - Kyle Brodziak wins face-off versus Nick Cousins in neutral zone.
15:04 of 1st period - Colin Greening is hit by Jerome Samson and loses puck.
15:17 of 1st period - Snap shot by Cody Hodgson.
15:17 of 1st period - Deflect By Emerson Etem.
15:17 of 1st period - Stopped by Petr Mrazek with a rebound.
15:29 of 1st period - Minor Penalty to Matt Finn for Hooking.
15:30 of 1st period - Marc-Andre Cliche wins face-off versus Emerson Etem in Senators zone.
17:29 of 1st period - Penalty to Matt Finn is over, Matt Finn is back on ice.
17:29 of 1st period - Grant Clitsome is hit by Viktor Loov.
17:38 of 1st period - 10 Minutes Misconduct Penalty to Greg Nemisz is over.
17:46 of 1st period - Minor Penalty to Daniel Maggio for Hooking.
17:47 of 1st period - Ryan Craig wins face-off versus Spencer Abbott in Americans zone.
18:01 of 1st period - Snap shot by Greg Nemisz.
18:01 of 1st period - Stopped by Petr Mrazek without a rebound.
18:02 of 1st period - Greg Nemisz wins face-off versus Spencer Abbott in Americans zone.
18:05 of 1st period - Snap shot by Ryan Craig.
18:05 of 1st period - Stopped by Petr Mrazek with a rebound.
18:07 of 1st period - Backhand shot by Jesse Blacker.
18:07 of 1st period - Goal by Jesse Blacker - Senators : 1 - Americans : 0.
18:08 of 1st period - Jerome Samson wins face-off versus Kyle Brodziak in neutral zone.
18:18 of 1st period - Slapshot by Grant Clitsome.
18:18 of 1st period - Stopped by Jean-Francois Berube with a rebound.
18:52 of 1st period - Icing by Grant Clitsome.
18:53 of 1st period - Justin Hodgman wins face-off versus Ryan Craig in Americans zone.
18:53 of 1st period - Justin Hodgman is hit by Greg Nemisz.
19:01 of 1st period - Nick Sorkin is hit by Ryan Craig and loses puck.
19:18 of 1st period - Snap shot by Patrick Bordeleau.
19:18 of 1st period - Stopped by Jean-Francois Berube without a rebound.
19:19 of 1st period - Cody Hodgson wins face-off versus Nick Drazenovic in Senators zone.
19:32 of 1st period - Snap shot by Patrick Bordeleau.
19:32 of 1st period - Shot Misses the Net.
19:42 of 1st period - Wrist shot by Cody Hodgson.
19:42 of 1st period - Shot Misses the Net.
19:44 of 1st period - Snap shot by Emerson Etem.
19:44 of 1st period - Stopped by Petr Mrazek with a rebound.
19:46 of 1st period - Snap shot by Viktor Loov.
19:46 of 1st period - Stopped by Petr Mrazek with a rebound.
19:48 of 1st period - Wrist shot by Colin Greening.
19:48 of 1st period - Stopped by Petr Mrazek without a rebound.
19:49 of 1st period - Marc-Andre Cliche wins face-off versus Ryan Craig in Americans zone.
19:49 of 1st period - Marc-Andre Cliche is hit by Mike Brown.
19:59 of 1st period - Snap shot by Tim Jackman.
19:59 of 1st period - Stopped by Jean-Francois Berube with a rebound.
Goals for this period are 1 for Senators vs 0 for Americans.
Shots for this period are 10 for Senators vs 8 for Americans.

2nd period


0:01 of 2nd period - Nick Drazenovic wins face-off versus Cody Hodgson in neutral zone.
0:27 of 2nd period - Snap shot by Emerson Etem.
0:27 of 2nd period - Shot Misses the Net.
0:29 of 2nd period - Snap shot by Eric Knodel.
0:29 of 2nd period - Deflect By Emerson Etem.
0:29 of 2nd period - Stopped by Petr Mrazek with a rebound.
0:50 of 2nd period - Minor Penalty to Mike Brown for Hooking.
0:51 of 2nd period - Marc-Andre Cliche wins face-off versus Emerson Etem in Senators zone.
2:47 of 2nd period - Snap shot by Colin Greening.
2:47 of 2nd period - Stopped by Petr Mrazek with a rebound.
2:50 of 2nd period - Penalty to Mike Brown is over, Mike Brown is back on ice.
3:21 of 2nd period - Jerome Samson beats up Kenny Ryan.
3:21 of 2nd period - Penalty to Jerome Samson for Fighting.
3:21 of 2nd period - Penalty to Kenny Ryan for Fighting.
3:22 of 2nd period - Justin Hodgman wins face-off versus Kyle Brodziak in Senators zone.
3:27 of 2nd period - Slapshot by Nick Sorkin.
3:27 of 2nd period - Shot Misses the Net.
3:29 of 2nd period - Slapshot by Garrett Noonan.
3:29 of 2nd period - Shot Misses the Net.
3:31 of 2nd period - Wrist shot by Nick Sorkin.
3:31 of 2nd period - Shot Blocked by Colton Orr.
3:33 of 2nd period - Wrist shot by Justin Hodgman.
3:33 of 2nd period - Stopped by Jean-Francois Berube with a rebound.
3:35 of 2nd period - Snap shot by Dany Heatley.
3:35 of 2nd period - Shot Misses the Net.
3:41 of 2nd period - Slapshot by Justin Hodgman.
3:41 of 2nd period - Stopped by Jean-Francois Berube with a rebound.
4:58 of 2nd period - Minor Penalty to Tom Nilsson for Holding.
4:59 of 2nd period - Marc-Andre Cliche wins face-off versus Emerson Etem in Senators zone.
5:27 of 2nd period - Wrist shot by Emerson Etem.
5:27 of 2nd period - Shot Blocked by Chris Breen.
6:58 of 2nd period - Penalty to Tom Nilsson is over, Tom Nilsson is back on ice.
7:16 of 2nd period - Wrist shot by Joel Vermin.
7:16 of 2nd period - Shot Blocked by Matt Finn.
7:18 of 2nd period - Slapshot by Jake Chelios.
7:18 of 2nd period - Stopped by Jean-Francois Berube without a rebound.
7:19 of 2nd period - Joel Vermin wins face-off versus Colton Orr in Senators zone.
8:07 of 2nd period - Garrett Noonan is hit by Mike Brown and loses puck.
8:32 of 2nd period - Slapshot by Nick Sorkin.
8:32 of 2nd period - Shot Misses the Net.
8:56 of 2nd period - Snap shot by Connor Brown.
8:56 of 2nd period - Shot Blocked by Nick Sorkin.
9:15 of 2nd period - Minor Penalty to Kenny Ryan for Tripping.
9:16 of 2nd period - Marc-Andre Cliche wins face-off versus Emerson Etem in Senators zone.
9:26 of 2nd period - Wrist shot by Grant Clitsome.
9:26 of 2nd period - Shot Misses the Net.
9:28 of 2nd period - Slapshot by Marc-Andre Cliche.
9:28 of 2nd period - Stopped by Jean-Francois Berube with a rebound.
9:30 of 2nd period - Slapshot by Grant Clitsome.
9:30 of 2nd period - Shot Misses the Net.
9:44 of 2nd period - Snap shot by Patrick Bordeleau.
9:44 of 2nd period - Stopped by Jean-Francois Berube with a rebound.
9:46 of 2nd period - Snap shot by Spencer Abbott.
9:46 of 2nd period - Shot Blocked by Eric Knodel.
10:41 of 2nd period - Snap shot by Spencer Abbott.
10:41 of 2nd period - Goal by Spencer Abbott - Senators : 1 - Americans : 1.
10:42 of 2nd period - Justin Hodgman wins face-off versus Kyle Brodziak in neutral zone.
11:53 of 2nd period - Snap shot by Spencer Abbott.
11:53 of 2nd period - Stopped by Jean-Francois Berube with a rebound.
11:55 of 2nd period - Slapshot by Garrett Noonan.
11:55 of 2nd period - Shot Misses the Net.
11:57 of 2nd period - Wrist shot by Nick Drazenovic.
11:57 of 2nd period - Shot Misses the Net.
12:11 of 2nd period - Minor Penalty to Mike Brown for Hooking.
12:12 of 2nd period - Marc-Andre Cliche wins face-off versus Emerson Etem in Senators zone.
13:03 of 2nd period - Eric Knodel is hit by Grant Clitsome and loses puck.
13:50 of 2nd period - Nick Drazenovic is hit by Kenny Ryan and loses puck.
14:11 of 2nd period - Penalty to Mike Brown is over, Mike Brown is back on ice.
14:41 of 2nd period - Snap shot by Josh Leivo.
14:41 of 2nd period - Shot Misses the Net.
14:43 of 2nd period - Snap shot by Kenny Ryan.
14:43 of 2nd period - Shot Misses the Net.
14:45 of 2nd period - Slapshot by Joe Finley.
14:45 of 2nd period - Shot Blocked by Jake Chelios.
14:47 of 2nd period - Slapshot by Kenny Ryan.
14:47 of 2nd period - Stopped by Petr Mrazek with a rebound.
14:49 of 2nd period - Snap shot by Kyle Brodziak.
14:49 of 2nd period - Stopped by Petr Mrazek with a rebound.
14:59 of 2nd period - Minor Penalty to Daniel Maggio for Holding.
15:00 of 2nd period - Ryan Craig wins face-off versus Spencer Abbott in Americans zone.
15:48 of 2nd period - Colin Greening is hit by Dylan DeMelo.
16:04 of 2nd period - Snap shot by Ryan Craig.
16:04 of 2nd period - Shot Misses the Net.
16:20 of 2nd period - Jerome Samson is hit by Colin Greening and loses puck.
16:56 of 2nd period - Snap shot by Grant Clitsome.
16:56 of 2nd period - Deflect By Patrick Bordeleau.
16:56 of 2nd period - Shot Misses the Net.
16:56 of 2nd period - Puck is out of play.
16:57 of 2nd period - Nick Drazenovic wins face-off versus Colton Orr in Senators zone.
16:59 of 2nd period - Penalty to Daniel Maggio is over, Daniel Maggio is back on ice.
17:06 of 2nd period - Tim Jackman is hit by Greg Nemisz and loses puck.
18:29 of 2nd period - Snap shot by Justin Hodgman.
18:29 of 2nd period - Shot Blocked by Kyle Brodziak.
19:03 of 2nd period - Wrist shot by Nick Cousins.
19:03 of 2nd period - Shot Misses the Net.
19:05 of 2nd period - Wrist shot by Nick Cousins.
19:05 of 2nd period - Shot Blocked by Joe Finley.
19:25 of 2nd period - Justin Hodgman is hit by Kyle Brodziak and loses puck.
19:36 of 2nd period - Greg Nemisz is hit by Garrett Noonan.
Goals for this period are 0 for Senators vs 1 for Americans.
Shots for this period are 4 for Senators vs 7 for Americans.

3rd period


0:01 of 3rd period - Marc-Andre Cliche wins face-off versus Cody Hodgson in neutral zone.
0:10 of 3rd period - Slapshot by Tim Jackman.
0:10 of 3rd period - Deflect By Marc-Andre Cliche.
0:10 of 3rd period - Shot Misses the Net.
0:10 of 3rd period - Puck is out of play.
0:11 of 3rd period - Marc-Andre Cliche wins face-off versus Colin Greening in Senators zone.
0:12 of 3rd period - Slapshot by Tim Jackman.
0:12 of 3rd period - Stopped by Jean-Francois Berube without a rebound.
0:13 of 3rd period - Cody Hodgson wins face-off versus Dany Heatley in Senators zone.
2:27 of 3rd period - Snap shot by Jerome Samson.
2:27 of 3rd period - Deflect By Justin Hodgman.
2:27 of 3rd period - Stopped by Jean-Francois Berube with a rebound.
2:29 of 3rd period - Wrist shot by Nick Sorkin.
2:29 of 3rd period - Stopped by Jean-Francois Berube with a rebound.
2:31 of 3rd period - Snap shot by Justin Hodgman.
2:31 of 3rd period - Stopped by Jean-Francois Berube with a rebound.
2:33 of 3rd period - Snap shot by Nick Sorkin.
2:33 of 3rd period - Stopped by Jean-Francois Berube with a rebound.
2:44 of 3rd period - Minor Penalty to Tim Jackman for Hooking.
2:45 of 3rd period - Spencer Abbott wins face-off versus Cody Hodgson in Americans zone.
2:45 of 3rd period - Spencer Abbott is hit by Emerson Etem.
3:01 of 3rd period - Spencer Abbott is hit by Eric Knodel and loses puck.
3:26 of 3rd period - Snap shot by Mike Brown.
3:26 of 3rd period - Shot Misses the Net.
4:04 of 3rd period - Wrist shot by Colin Greening.
4:04 of 3rd period - Stopped by Petr Mrazek without a rebound.
4:05 of 3rd period - Spencer Abbott wins face-off versus Cody Hodgson in Americans zone.
4:44 of 3rd period - Penalty to Tim Jackman is over, Tim Jackman is back on ice.
5:09 of 3rd period - Wrist shot by Josh Leivo.
5:09 of 3rd period - Stopped by Petr Mrazek with a rebound.
6:18 of 3rd period - Backhand shot by Justin Hodgman.
6:18 of 3rd period - Shot Blocked by Viktor Loov.
7:11 of 3rd period - Wrist shot by Kyle Brodziak.
7:11 of 3rd period - Deflect By Marc-Andre Cliche.
7:11 of 3rd period - Shot Misses the Net.
7:11 of 3rd period - Puck is out of play.
7:12 of 3rd period - Marc-Andre Cliche wins face-off versus Kyle Brodziak in Americans zone.
7:18 of 3rd period - Off-side.
7:19 of 3rd period - Marc-Andre Cliche wins face-off versus Philip McRae in neutral zone.
7:50 of 3rd period - Snap shot by Kenny Ryan.
7:50 of 3rd period - Shot Misses the Net.
8:03 of 3rd period - Nick Drazenovic is hit by Joe Finley and loses puck.
9:24 of 3rd period - Kyle Brodziak is hit by Dany Heatley and loses puck.
9:59 of 3rd period - Nick Drazenovic is hit by Philip McRae and loses puck.
10:08 of 3rd period - Matt Finn is hit by Patrick Bordeleau and loses puck.
10:37 of 3rd period - Minor Penalty to Mike Brown for Hooking.
10:38 of 3rd period - Marc-Andre Cliche wins face-off versus Emerson Etem in Senators zone.
11:25 of 3rd period - Spencer Abbott is hit by Eric Knodel and loses puck.
11:53 of 3rd period - Wrist shot by Colin Greening.
11:53 of 3rd period - Shot Misses the Net.
11:55 of 3rd period - Slapshot by Viktor Loov.
11:55 of 3rd period - Shot Blocked by Grant Clitsome.
12:01 of 3rd period - Snap shot by Ryan Craig.
12:01 of 3rd period - Shot Misses the Net.
12:07 of 3rd period - Wrist shot by Colin Greening.
12:07 of 3rd period - Shot Blocked by Spencer Abbott.
12:15 of 3rd period - Wrist shot by Ryan Craig.
12:15 of 3rd period - Shot Misses the Net.
12:25 of 3rd period - Colin Greening is hit by Grant Clitsome and loses puck.
12:37 of 3rd period - Penalty to Mike Brown is over, Mike Brown is back on ice.
12:45 of 3rd period - Cody Hodgson is hit by Marc-Andre Cliche and loses puck.
13:28 of 3rd period - Snap shot by Kyle Brodziak.
13:28 of 3rd period - Shot Misses the Net.
14:38 of 3rd period - Icing by Mike Brown.
14:39 of 3rd period - Justin Hodgman wins face-off versus Ryan Craig in Senators zone.
14:58 of 3rd period - Ryan Craig is hit by Jake Chelios and loses puck.
15:21 of 3rd period - Kenny Ryan is hit by Dylan DeMelo and loses puck.
15:32 of 3rd period - Nick Drazenovic is hit by Josh Leivo.
16:42 of 3rd period - Icing by Kenny Ryan.
16:43 of 3rd period - Kyle Brodziak wins face-off versus Marc-Andre Cliche in Senators zone.
17:04 of 3rd period - Jerome Samson is hit by Eric Knodel.
17:20 of 3rd period - Icing by Cody Hodgson.
17:21 of 3rd period - Cody Hodgson wins face-off versus Marc-Andre Cliche in Senators zone.
17:21 of 3rd period - Cody Hodgson is hit by Dany Heatley.
17:45 of 3rd period - Minor Penalty to Joe Finley for Charging.
17:46 of 3rd period - Nick Drazenovic wins face-off versus Emerson Etem in Senators zone.
17:53 of 3rd period - Slapshot by Patrick Bordeleau.
17:53 of 3rd period - Shot Hit the Post.
18:01 of 3rd period - Snap shot by Patrick Bordeleau.
18:01 of 3rd period - Stopped by Jean-Francois Berube without a rebound.
18:02 of 3rd period - Nick Drazenovic wins face-off versus Emerson Etem in Senators zone.
18:05 of 3rd period - Wrist shot by Patrick Bordeleau.
18:05 of 3rd period - Stopped by Jean-Francois Berube with a rebound.
18:44 of 3rd period - Slapshot by Grant Clitsome.
18:44 of 3rd period - Shot Misses the Net.
18:46 of 3rd period - Wrist shot by Spencer Abbott.
18:46 of 3rd period - Shot Misses the Net.
18:50 of 3rd period - Slapshot by Grant Clitsome.
18:50 of 3rd period - Shot Blocked by Ryan Craig.
18:52 of 3rd period - Slapshot by Grant Clitsome.
18:52 of 3rd period - Shot Misses the Net.
19:45 of 3rd period - Penalty to Joe Finley is over, Joe Finley is back on ice.
Goals for this period are 0 for Senators vs 0 for Americans.
Shots for this period are 2 for Senators vs 7 for Americans.

Overtime #1


0:01 of 1st overtime period - Nick Drazenovic wins face-off versus Emerson Etem in neutral zone.
0:10 of 1st overtime period - Snap shot by Jerome Samson.
0:10 of 1st overtime period - Shot Blocked by Cody Hodgson.
0:16 of 1st overtime period - Wrist shot by Cody Hodgson.
0:16 of 1st overtime period - Stopped by Petr Mrazek with a rebound.
0:18 of 1st overtime period - Wrist shot by Eric Knodel.
0:18 of 1st overtime period - Stopped by Petr Mrazek with a rebound.
0:22 of 1st overtime period - Wrist shot by Cody Hodgson.
0:22 of 1st overtime period - Shot Misses the Net.
0:24 of 1st overtime period - Snap shot by Emerson Etem.
0:24 of 1st overtime period - Senators goal is going for a video replay.
0:24 of 1st overtime period - The goal is good.
0:24 of 1st overtime period - Goal by Emerson Etem - Senators : 2 - Americans : 1.
Goals for this period are 1 for Senators vs 0 for Americans.
Shots for this period are 3 for Senators vs 0 for Americans.